 Dungeon Crawl Stone Soup version 0.28.0 (webtiles) character file.

Game seed: 739199692629311236

174 Sanktem7 the Chopper (level 5, 0/46 HPs)
             Began as a Minotaur Fighter on Feb 18, 2022.
             Killed by nerve-wracking pain
             ... invoked by an orc priest
              (11 damage)
             ... on level 4 of the Dungeon.
             The game lasted 00:04:38 (3314 turns).

Sanktem7 the Chopper (Minotaur Fighter)             Turns: 3314, Time: 00:04:39

Health: 0/46       AC:  9    Str: 22    XL:     5   Next: 28%
Magic:  4/4        EV:  9    Int:  5    God:
Gold:   92         SH:  9    Dex: 10    Spells: 4/4 levels left

rFire   . . .      SeeInvis .   a - +0 war axe
rCold   . . .      Faith    .   c - +0 buckler
rNeg    . . .      Spirit   .   b - +0 scale mail
rPois   .          Reflect  +   (helmet restricted)
rElec   .          Harm     .   j - +0 cloak
rCorr   .          Rampage  .   (no gloves)
Will    .....                   q - +0 pair of boots
Stlth   ..........              k - amulet of reflection
HPRegen 0.15/turn               (no ring)
MPRegen 0.09/turn               (no ring)

@: no status effects
A: horns 2, retaliatory headbutt
a: no special abilities


You were on level 4 of the Dungeon.
You visited 1 branch of the dungeon, and saw 4 of its levels.

You collected 92 gold pieces.

Inventory:

Hand Weapons
 a - a +0 war axe (weapon)
Armour
 b - a +0 scale mail (worn)
 c - a +0 buckler (worn)
 j - a +0 cloak (worn)
 q - a +0 pair of boots (worn)
Jewellery
 k - an amulet of reflection (around neck)
 o - a ring of positive energy
Scrolls
 e - 4 scrolls of identify {unknown}
 f - 2 scrolls of fog {unknown}
 i - a scroll of noise {unknown}
 l - 3 scrolls of silence {unknown}
 p - a scroll of enchant armour {unknown}
Potions
 d - 2 potions of might
 g - a potion of cancellation {unknown}
 h - 2 potions of invisibility {unknown}
 m - a potion of magic {unknown}
 n - a potion of attraction {unknown}


   Skills:
 * Level 4.3 Fighting
 * Level 5.2 Axes
 + Level 4.9 Armour
 + Level 0.6 Dodging
 - Level 3.6 Shields


You had 4 spell levels left.
You didn't know any spells.
Your spell library contained the following spells:

 Spells                   Type           Power      Damage    Failure   Level
 Sublimation of Blood     Necr           0%         N/A       95%         2
 Wereblood                Tmut           0%         N/A       95%         2
 Summon Hydra             Summ           0%         N/A       100%        7


Dungeon Overview and Level Annotations

Branches:
Dungeon (4/15)             Temple (0/1) D:4

Altars:
Uskayaw
Yredelemnul


Innate Abilities, Weirdness & Mutations

You have a pair of horns on your head.
You reflexively headbutt those who attack you in melee.


Message History

You can't go down here!
The adder skeleton closely misses you.
The orc wizard hits you but does no damage.
You block the orc's attack. The orc hits you with a +0 flail!
The adder skeleton barely misses you.
You climb upwards.
There is a stone staircase leading down here.
You hit the orc wizard. You headbutt the orc wizard.
You kill the orc wizard!
You closely miss the orc. You barely miss the orc. You block the orc's attack.
The orc hits you with a +0 flail!
Your Axes skill increases to level 5!
You are too injured to fight recklessly!
You are too injured to fight recklessly!
You are too injured to fight recklessly!
You are too injured to fight recklessly!
You are too injured to fight recklessly!
You are too injured to fight recklessly!
You are too injured to fight recklessly!
You slash the orc!
You kill the orc!
You barely miss the orc. The orc hits you but does no damage.
Things that are here:
a +0 flail; a +0 ring mail You closely miss the orc.
You block the orc's attack.
You barely miss the orc.
The orc hits you with a +0 short sword. x2
You closely miss the orc. You block the orc's attack.
You slash the orc!
You kill the orc!
Items here: )) [ †.
There is a stone staircase leading down, spattered with blood here.
You climb downwards.
The adder skeleton bites you.
* * * LOW HITPOINT WARNING * * *
The goblin hits you with a +0 dagger.
* * * LOW HITPOINT WARNING * * *
There is a stone staircase leading up here.
You block the adder skeleton's attack. The goblin hits you but does no damage.
The orc priest mumbles some strange prayers to Beogh against you.
Pain shoots through your body!
You die...

.≈.#....##..♣♣.
..#...........
###.........K..
...............
#..........♣.
##...........
#####............
...........o.....
.8.8...@.......♣.
.⌠.⌠...Zg...#....
............# ...
.>....##.....# ##
.....# ...#....
..#.. #..###..# #
.. #.## .## #..
.#


You could see an orc priest, a goblin, a kobold and an adder skeleton.

Vanquished Creatures
  An orc wizard (D:3)
  4 gnolls
  An adder zombie (D:3)
  A worm (D:2)
  3 dart slugs
  13 orcs (D:3)
  4 ball pythons
  8 endoplasms
  4 giant cockroaches
  6 goblins
  2 hobgoblins (D:2)
  3 jackals (D:2)
  7 kobolds
  4 quokkas
  8 bats
  4 frilled lizards
  A giant cockroach zombie (D:3)
  A quokka zombie (D:3)
  8 rats
83 creatures vanquished.

Notes
Turn   | Place    | Note
-------+----------+-------------------------------------------
     0 | D:1      | Sanktem7 the Minotaur Fighter began the quest for the Orb.
     0 | D:1      | Reached XP level 1. HP: 19/19 MP: 0/0
   366 | D:1      | Reached XP level 2. HP: 23/26 MP: 1/1
   405 | D:1      | Reached skill level 3 in Axes
   901 | D:1      | Reached XP level 3. HP: 33/33 MP: 2/2
  1064 | D:1      | Found a faded altar of an unknown god.
  1518 | D:2      | Reached skill level 4 in Axes
  1522 | D:2      | Reached XP level 4. HP: 12/40 MP: 3/3
  2375 | D:2      | Found a hide-covered altar of Uskayaw.
  2951 | D:3      | Reached XP level 5. HP: 46/46 MP: 4/4
  2998 | D:3      | Found a basalt altar of Yredelemnul.
  3291 | D:4      | Found a staircase to the Ecumenical Temple.
  3303 | D:3      | Reached skill level 5 in Axes
  3314 | D:4      | Killed from afar by an orc priest

Illustrated notes

Levels and vault maps discovered:
D:1:      elethiomel_arrival_infinity_welcomes_careful_drivers, layout_basic,
          shapermc_ecumenical_altar_mp_vishouse
D:2:      layout_loops_cross, basic_altar, solitary_fountain
D:3:      layout_basic, nicolae_yredelemnul_corpse_copse
D:4:      layout_cave_pools, mainiacjoe_overflow_paths,
          minmay_temple_entry_drinking_statues, serial_park, serial_park_tiny_2,
          serial_park_paths [serial_park_minivault_5x5_1],
          serial_park_tiny_pond, serial_shops, nicolae_shop_waterfront,
          minmay_small_thing

Skill      XL: |  1  2  3  4  5 |
---------------+----------------+-----
Armour         | 4 |  4.9
Axes           | 3 4 5 |  5.2
Fighting       | 4 |  4.3
Dodging        | |  0.6
Shields        | |  3.6

Action                   |  1- 3 |  4- 6 || total
-------------------------+-------+-------++-------
Melee: War axe           |    81 |   101 ||   182
       Headbutt          |     5 |    18 ||    23
Armor: Scale mail        |    33 |    40 ||    73
Dodge: Dodged            |    38 |    37 ||    75
Block: Buckler           |    29 |    43 ||    72
       Reflection        |       |     2 ||     2
